 Dungeon Crawl Stone Soup version 0.32-a0-19-g28bc0835a1 (console) character file.

Game seed: 3525592489412164177

93 Ignak the Gusty (level 4, -2/48 HPs)
             Began as a Gnoll Air Elementalist on Jan 17, 2024.
             Killed by divine providence
             ... invoked by an orc priest
              (12 damage)
             ... on level 3 of the Dungeon.
             The game lasted 00:04:05 (1623 turns).

Ignak the Gusty (Gnoll Air Elementalist)            Turns: 1623, Time: 00:04:05

Health: -2/48      AC: 22    Str:  8    XL:     4   Next: 62%
Magic:  8/11       EV:  2    Int: 16    God:
Gold:   62         SH:  0    Dex: 12    Spells: 3/13 levels left

rFire   . . .        i - +0 short sword
rCold   . . .        (no shield)
rNeg    . . .        a - melded +1 robe
rPois   +            (helmet currently unavailable)
rElec   .            (cloak currently unavailable)
rCorr   .            (gloves currently unavailable)
SInv    .            (boots currently unavailable)
Will    .....        n - amulet of magic regeneration
Stlth   ++           (no ring)
HPRegen 0.28/turn    (no ring)
MPRegen 0.52/turn

%: no passive effects
@: tree-form
A: stationary, stasis, torment immunity, boosted hp, (fangs 1), strong nose,
distributed training
a: no special abilities


You were on level 3 of the Dungeon.
You were a tree.
You visited 1 branch of the dungeon, and saw 3 of its levels.

You collected 62 gold pieces.

Inventory:

Hand Weapons
 i - a +0 short sword (weapon)
Missiles
 j - a curare-tipped dart
 q - 6 poisoned darts (quivered)
Armour
 a - a +1 robe (melded)
Jewellery
 n - an amulet of magic regeneration (around neck)
Wands
 s - a wand of flame (18)
Scrolls
 c - a scroll of enchant weapon {unknown}
 e - a scroll of teleportation {unknown}
 f - 2 scrolls of enchant armour
 g - a scroll of identify {unknown}
 k - a scroll of silence {unknown}
 o - 3 scrolls of immolation {unknown}
Potions
 b - a potion of magic
 d - a potion of brilliance {unknown}
 h - a potion of lignification
 l - a potion of enlightenment {unknown}
 m - a potion of heal wounds {unknown}
 p - a potion of curing
 r - a potion of haste {unknown}
 t - a potion of degeneration {unknown}


   Skills:
 + Level 1.2 Fighting
 + Level 1.2 Short Blades
 + Level 1.2 Long Blades
 + Level 1.2 Axes
 + Level 1.2 Maces & Flails
 + Level 1.2 Polearms
 + Level 1.2 Staves
 + Level 1.2 Ranged Weapons
 + Level 1.2 Throwing
 + Level 1.2 Armour
 + Level 4.7 Dodging
 + Level 4.3 Stealth
 + Level 1.2 Shields
 + Level 1.2 Unarmed Combat
 + Level 5.1 Spellcasting
 + Level 2.3 Conjurations
 + Level 1.0 Hexes
 + Level 1.0 Summonings
 + Level 1.0 Necromancy
 + Level 1.0 Translocations
 + Level 1.0 Fire Magic
 + Level 1.0 Ice Magic
 + Level 5.5 Air Magic
 + Level 1.0 Earth Magic
 + Level 1.0 Alchemy
 + Level 1.3 Invocations
 + Level 1.2 Evocations
 + Level 1.1 Shapeshifting


You had 3 spell levels left.
You knew the following spells:

 Your Spells              Type           Power      Damage    Failure   Level
a - Shock                 Conj/Air       64%        1d7       3%          1
b - Swiftness             Air            21%        N/A       4%          3
c - Airstrike             Air            10%        2d(2-18)  16%         4
z - Static Discharge      Conj/Air       32%        3-5/arc   4%          2

Your spell library contained the following spells:

 Spells                   Type           Power      Damage    Failure   Level


Dungeon Overview and Level Annotations

Branches:
Dungeon (3/15)

Altars:
Fedhas


Innate Abilities, Weirdness & Mutations

You are a tree.
Your roots penetrate the ground, keeping you stationary.
You cannot be teleported.
You are immune to unholy pain and torment.
Your maximum health is greatly increased.
Your equipment is partially melded.
((You have very sharp teeth.))
Your uncanny sense of smell can sniff out nearby items.
Your experience applies equally to all skills.


Message History

Deactivating autopickup; reactivate with Ctrl-A.
The orc wizard misses you.
The orc priest casts a cantrip, but nothing happens.
You bump into the rock wall.
The orc wizard casts a spell at you. The puff of flame hits you!
The orc priest hits you but does no damage.
Unknown command.
It was a potion of lignification.
You turn into a tree.
Your +1 robe melds into your body.
Your roots penetrate the ground.
The orc wizard hits you but does no damage.
The orc priest hits you but does no damage.
It was a potion of curing.
You feel better.
A hobgoblin comes into view.
The orc wizard hits you but does no damage.
The orc priest invokes the aid of Beogh against you.
Beogh smites you!
* * * LOW HITPOINT WARNING * * *
Casting: Static Discharge (safe; 4% risk of failure)
Confirm with . or Enter, or press ? or * to list all spells.
The orc priest is struck by an arc of lightning.
The orc priest is heavily wounded.
You are struck by an arc of lightning.
The orc priest is struck by an arc of lightning.
The orc priest is severely wounded.
The lightning grounds out.
Something hits you but does no damage.
The orc wizard hits you but does no damage.
The orc priest hits you but does no damage.
Casting: Static Discharge (safe; 4% risk of failure)
Confirm with . or Enter, or press ? or * to list all spells.
The orc wizard is struck by an arc of lightning.
The orc wizard is moderately wounded.
The orc priest is struck by an arc of lightning.
The orc priest is almost dead.
The lightning grounds out.
Something hits you but does no damage.
The orc wizard hits you with a +0 dagger.
* * * LOW HITPOINT WARNING * * *
The orc priest invokes the aid of Beogh against you.
Beogh smites you!
You die...

########## .........####
............ ............ ......
~.<.~~≈≈......).##.#.....
##.~≈~~P....≈≈~≈.....#.##.......
..≈≈≈~P._♣.≈≈≈~.#...#..........
#.≈≈≈≈.PPP.~≈≈~.#...##...##...#


You could see an orc priest, an orc wizard and a hobgoblin.

Vanquished Creatures
  An orc wizard (D:3)
  2 adders (D:2)
  A dart slug (D:1)
  2 ribbon worms (D:2)
  4 orcs (D:3)
  3 endoplasms
  A giant cockroach (D:2)
  3 goblins
  2 hobgoblins
  2 jackals (D:3)
  2 kobolds
  2 quokkas
  7 ball pythons
  3 bats
  2 frilled lizards (D:1)
  3 rats (D:1)
40 creatures vanquished.

Notes
Turn   | Place    | Note
-------+----------+-------------------------------------------
     0 | D:1      | Ignak the Gnoll Air Elementalist began the quest for the
                  | Orb.
     0 | D:1      | Reached XP level 1. HP: 13/13 MP: 6/6
   303 | D:1      | Reached XP level 2. HP: 19/19 MP: 7/7
   334 | D:1      | Learned a level 2 spell: Static Discharge
   957 | D:2      | Reached skill level 5 in Spellcasting
   957 | D:2      | Reached XP level 3. HP: 25/25 MP: 6/9
   980 | D:2      | Learned a level 3 spell: Swiftness
  1007 | D:2      | Reached skill level 1 in Invocations
  1141 | D:2      | Reached skill level 1 in Fighting
  1141 | D:2      | Reached skill level 1 in Short Blades
  1141 | D:2      | Reached skill level 1 in Long Blades
  1141 | D:2      | Reached skill level 1 in Axes
  1141 | D:2      | Reached skill level 1 in Maces & Flails
  1141 | D:2      | Reached skill level 1 in Polearms
  1141 | D:2      | Reached skill level 1 in Staves
  1141 | D:2      | Reached skill level 1 in Ranged Weapons
  1141 | D:2      | Reached skill level 1 in Throwing
  1141 | D:2      | Reached skill level 1 in Armour
  1141 | D:2      | Reached skill level 1 in Shields
  1141 | D:2      | Reached skill level 1 in Unarmed Combat
  1141 | D:2      | Reached skill level 1 in Evocations
  1468 | D:3      | Reached skill level 1 in Shapeshifting
  1468 | D:3      | Reached XP level 4. HP: 32/32 MP: 8/11
  1477 | D:3      | Reached skill level 1 in Hexes
  1477 | D:3      | Reached skill level 1 in Summonings
  1477 | D:3      | Reached skill level 1 in Necromancy
  1477 | D:3      | Reached skill level 1 in Translocations
  1477 | D:3      | Reached skill level 1 in Fire Magic
  1477 | D:3      | Reached skill level 1 in Ice Magic
  1477 | D:3      | Reached skill level 1 in Earth Magic
  1477 | D:3      | Reached skill level 1 in Alchemy
  1496 | D:3      | Learned a level 4 spell: Airstrike
  1534 | D:3      | Found a blossoming altar of Fedhas.
  1623 | D:3      | Killed from afar by an orc priest

Illustrated notes

Levels and vault maps discovered:
D:1:      dpeg_arrival_circle_labyrinth_c, layout_loops_ring
D:2:      layout_basic, st_stairs_10
D:3:      layout_basic, fedhas_ov_isle_minmay

Skill      XL: |  1  2  3  4 |
---------------+-------------+-----
Conjurations   | 2 |  2.3
Spellcasting   | 5 |  5.1
Invocations    | 1 |  1.3
Fighting       | 1 |  1.2
Short Blades   | 1 |  1.2
Long Blades    | 1 |  1.2
Axes           | 1 |  1.2
Maces & Flails | 1 |  1.2
Polearms       | 1 |  1.2
Staves         | 1 |  1.2
Ranged Weapons | 1 |  1.2
Throwing       | 1 |  1.2
Armour         | 1 |  1.2
Shields        | 1 |  1.2
Unarmed Combat | 1 |  1.2
Evocations     | 1 |  1.2
Shapeshifting  | 1 |  1.1
Hexes          | 1 |  1.0
Summonings     | 1 |  1.0
Necromancy     | 1 |  1.0
Translocations | 1 |  1.0
Fire Magic     | 1 |  1.0
Ice Magic      | 1 |  1.0
Earth Magic    | 1 |  1.0
Alchemy        | 1 |  1.0
Dodging        | |  4.7
Stealth        | |  4.3
Air Magic      | |  5.5

Action                     |  1- 3 |  4- 6 || total
---------------------------+-------+-------++-------
  Melee: Dagger            |    12 |       ||    12
         Unarmed           |     1 |       ||     1
         Short sword       |    37 |    10 ||    47
         Bite              |     4 |     1 ||     5
         Punch             |     1 |       ||     1
  Throw: Dart              |    10 |       ||    10
   Cast: Shock             |    27 |     5 ||    32
         Static Discharge  |     3 |     4 ||     7
    Use: Scroll            |     1 |       ||     1
         Potion            |       |     2 ||     2
   Stab: Sleeping          |     5 |     2 ||     7
 Armour: Robe              |    37 |     9 ||    46
         Skin              |       |     9 ||     9
  Dodge: Dodged            |    40 |     6 ||    46

Table legend: (Time is in decaauts)
 A = Elapsed time spent in this place.
 B = Non-inter-level travel time spent in this place.
 C = Inter-level travel time spent in this place.
 D = Time resting spent in this place.
 E = Time spent auto-exploring this place.
 F = Levels seen in this place.
 G = Mean time per level.
                   A        B        C        D        E       F      G
               +--------+--------+--------+--------+--------+-----+--------+
         Total |   1618 |   1592 |     26 |     26 |   1043 |   3 |  539.3 |
       Dungeon |   1618 |   1592 |     26 |     26 |   1043 |   3 |  539.3 |
               +--------+--------+--------+--------+--------+-----+--------+

Top non-repeatable levels by time:
     D:1: 807 daAuts
     D:2: 631 daAuts
     D:3: 179 daAuts
